 Dungeon Crawl Stone Soup version 0.29.0-4-gdea44cf6ec (webtiles) character file.

Game seed: 11113712725038690495

49 qw the Chopper (level 3, -21/29 HPs)
             Began as a Barachi Chaos Knight on Sept 5, 2022.
             Demolished by a red devil
             ... wielding a +0 demon trident
             ... summoned by Xom
              (22 damage)
             ... on level 2 of the Dungeon.
             The game lasted 00:00:48 (1709 turns).

qw the Chopper (Barachi Chaos Knight)               Turns: 1709, Time: 00:00:49

Health: -21/29     AC:  6    Str: 15      XL:     3   Next: 77%
Magic:  3/3        EV: 11    Int: 10 (12) God:
Gold:   79         SH:  0    Dex: 11      Spells: 2/2 levels left

rFire   . . .      SeeInvis .   Y - +0 hand axe (vorpal)
rCold   . . .      Faith    .   (no shield)
rNeg    . . .      Spirit   .   b - +2 leather armour
rPois   .          Reflect  .   (no helmet)
rElec   .          Harm     .   (no cloak)
rCorr   .          Rampage  .   (no gloves)
Will    .....                   h - +0 pair of boots
Stlth   +.........              (no amulet)
HPRegen 0.09/turn               (no ring)
MPRegen 0.08/turn               (no ring)

@: spiked, slow
A: amphibious, slowness 1, strong legs 1, +LOS
a: Hop


You were on level 2 of the Dungeon.
You visited 1 branch of the dungeon, and saw 2 of its levels.

You collected 79 gold pieces.


Innate Abilities, Weirdness & Mutations

You are amphibious.
You cover ground slowly.
You can hop short distances.
You have an extended range of vision and can be seen from far away.


   Skills:
 - Level 3.6 Fighting
 + Level 5.1 Axes
 - Level 2.4 Armour
 - Level 1.1 Dodging


You had 2 spell levels left.
You didn't know any spells.
Your spell library was empty.

Inventory:

Hand Weapons
 Y - a +0 vorpal hand axe (weapon)
Armour
 b - a +2 leather armour (worn)
 h - a +0 pair of boots (worn)
 i - a +0 ring mail
Scrolls
 j - 2 scrolls of acquirement {unknown}
 k - a scroll of poison {unknown}
 l - a scroll of magic mapping {unknown}
 n - a scroll of enchant weapon {unknown}
Potions
 a - a potion of magic {unknown}
 d - a potion of invisibility {unknown}
 e - a potion of might {unknown}
 f - a potion of haste {unknown}
 g - a potion of flight {unknown}
 m - a potion of ambrosia {unknown}
Miscellaneous
 c - a piece from Xom's chessboard (15/15)

Dungeon Overview and Level Annotations

Branches:
Dungeon (2/15)

Altars:


Message History

Found 7 stones.
Found a stone staircase leading down.
You see here 7 stones.
There is a stone staircase leading down here. "Let's see if it's strong enough to survive yet."
An iron imp comes into view.
You hit the quasit.
The quasit is lightly wounded.
You miss the ufetubus. You hit the crimson imp.
You hit the crimson imp but do no damage.
The crimson imp is moderately wounded.
You closely miss the ufetubus. You closely miss the quasit.
The ufetubus barely misses you.
The ufetubus hits you but does no damage.
The quasit bites you but does no damage.
The quasit claws you but does no damage.
The quasit claws you. The crimson imp barely misses you.
The red devil closely misses you.
You hit the quasit but do no damage.
The quasit is lightly wounded.
You hit the crimson imp. You barely miss the ufetubus.
The ufetubus barely misses you. The ufetubus closely misses you.
The iron imp sputters.
The quasit barely misses you. The quasit closely misses you. x2
The crimson imp blinks!
The red devil hits you from afar with a +0 demon trident!
Barbed spikes become lodged in your body.
The ufetubus barely misses you. The ufetubus hits you.
The soul eater draws from the surrounding life force!
You miss the quasit.
The quasit is lightly wounded.
You barely miss the ufetubus. The quasit closely misses you. x2
The quasit claws you but does no damage.
The ufetubus hits you but does no damage. x2
The white imp gestures at you. The puff of frost hits you.
The red devil hits you from afar with a +0 demon trident!!
Ouch! That really hurt!
You die...

###......#...#
.........##..##
.#.########...# .#.#
##..# .#.# #..#
.#.#########.5###########
.#............5455.......
.#############55ยค######
.......# ###@# .......#
#5# .#####.# #3# .# #.#
#.# .# #.# #.# .# #.# #.#
.# #.# #.# %# #.# #.# .#
#.# #.#


You could see a soul eater (summoned), a red devil (summoned), 2 iron imps, 2
quasits, a crimson imp (summoned), a white imp (summoned) and an ufetubus
(summoned).

Vanquished Creatures
  An adder (D:2)
  2 dart slugs (D:1)
  4 ball pythons
  2 bats (D:1)
  2 endoplasms (D:1)
  3 giant cockroaches
  2 goblins (D:1)
  3 hobgoblins
  4 jackals (D:1)
  A quokka (D:1)
  3 frilled lizards (D:1)
  A kobold (D:1)
  7 rats
35 creatures vanquished.

Vanquished Creatures (others)
  A jackal zombie (D:1)
1 creature vanquished.

Grand Total: 36 creatures vanquished

Notes
Turn   | Place    | Note
-------+----------+-------------------------------------------
     0 | D:1      | qw the Barachi Chaos Knight began the quest for the Orb.
     0 | D:1      | Reached XP level 1. HP: 18/18 MP: 1/1
     0 | D:1      | 0 ||| qw: Version: 0.1-a-104-g96f76f8
     0 | D:1      | 0 ||| qw: Game counter: 5847
     0 | D:1      | 0 ||| qw: Always use a shield: true
     0 | D:1      | 0 ||| qw: God list: Okawaru
     0 | D:1      | 0 ||| qw: Allow faded altars: false
     0 | D:1      | 0 ||| qw: Do Orc after D:15 true
     0 | D:1      | 0 ||| qw: Do second Lair branch before Depths: true
     0 | D:1      | 0 ||| qw: Lair rune preference: random
     0 | D:1      | 0 ||| qw: Plans: Normal
     0 | D:1      | 0 ||| PLANNING D:1-11
     0 | D:1      | Fell from the grace of Xom
    19 | D:1      | 19 ||| Stepping ~*~*~tactically~*~*~ (stealth).
    21 | D:1      | 21 ||| Stepping ~*~*~tactically~*~*~ (stealth).
    22 | D:1      | 22 ||| Stepping ~*~*~tactically~*~*~ (stealth).
    78 | D:1      | XOM: stat loss: -3 Int (9/12)
   213 | D:1      | Reached XP level 2. HP: 24/24 MP: 2/2
   234 | D:1      | Reached skill level 4 in Axes
   301 | D:1      | 301 ||| Stepping ~*~*~tactically~*~*~ (hiding).
   403 | D:1      | 403 ||| Stepping ~*~*~tactically~*~*~ (hiding).
   505 | D:1      | 505 ||| Stepping ~*~*~tactically~*~*~ (hiding).
   686 | D:1      | 686 ||| Stepping ~*~*~tactically~*~*~ (stealth).
   694 | D:1      | 694 ||| Stepping ~*~*~tactically~*~*~ (stealth).
   695 | D:1      | 695 ||| Stepping ~*~*~tactically~*~*~ (stealth).
   699 | D:1      | 699 ||| Stepping ~*~*~tactically~*~*~ (stealth).
   701 | D:1      | 701 ||| Stepping ~*~*~tactically~*~*~ (stealth).
   904 | D:1      | Reached XP level 3. HP: 29/29 MP: 3/3
  1267 | D:1      | XOM: god gift: scroll labelled MEGOIKE MUOTZ {god gift}
  1291 | D:1      | 1291 ||| UPGRADING to +0 pair of boots.
  1296 | D:1      | 1296 ||| READING scroll labelled RIFONUAMOU.
  1297 | D:1      | 1297 ||| READING scroll labelled TAGAYN KUOXKU.
  1298 | D:1      | 1298 ||| READING scroll labelled OKOUMUTIWA.
  1299 | D:1      | 1299 ||| READING scroll labelled YLIFAW WUTHICU.
  1300 | D:1      | 1300 ||| READING scroll labelled MEGOIKE MUOTZ {god gift}.
  1585 | D:2      | Reached skill level 5 in Axes
  1705 | D:2      | XOM: summons 9 hostile demons
  1706 | D:2      | Noticed a red devil
  1706 | D:2      | Noticed a soul eater
  1708 | D:2      | HP: 7/29 [soul eater[Xom] (5)]
  1709 | D:2      | HP: 1/29 [white imp/puff of frost[Xom] (6)]
  1709 | D:2      | Demolished by a red devil

Levels and vault maps discovered:
D:1:      ebering_trefoil_twist, layout_loops_ring, minmay_misc_feat_x
D:2:      layout_basic, ebering_ecumenical_altar_ruins

Skill      XL: |  1  2  3 |
---------------+----------+-----
Axes           | 4 5 |  5.1
Fighting       | |  3.6
Armour         | |  2.4
Dodging        | |  1.1

Action                   || total
-------------------------++-------
Melee: Hand axe          ||   129
Invok: Renounce Religion ||     1
  Use: Scroll            ||     5
Armor: Leather armour    ||    50
Dodge: Dodged            ||    70

Table legend:
 A = Non-vault XP
 B = Vault XP
 C = Vault XP percentage of total XP
 D = Non-vault monster count
 E = Vault monster count
 F = Vault count percentage of total count
                 A         B        C        D         E       F
            +---------+---------+-------+---------+---------+-------
      Total |      71 |       0 |   0.0 |      35 |       0 |   0.0
            +---------+---------+-------+---------+---------+-------
        D:1 |      46 |       0 |   0.0 |      27 |       0 |   0.0
        D:2 |      25 |       0 |   0.0 |       8 |       0 |   0.0
            +---------+---------+-------+---------+---------+-------
